[Event "Late-Titled-Tuesday-Blitz-October-17-2023"]
[Site "Chess.com"]
[Date "2023.10.17"]
[Round "9"]
[White "ural58"]
[Black "KNVB"]
[Result "1-0"]
[WhiteElo "2524"]
[BlackElo "2606"]
[TimeControl "180+1"]
[EndTime "15:41:24 PDT"]
[Termination "ural58 won on time"]

1. e4 e5 2. Nf3 Nc6 3. Bc4 Nf6 4. Ng5 d5 5. exd5 Na5 6. Bb5+ c6 7. dxc6 bxc6 8. Bd3 Nd5 9. h4 h6 10. Qh5 Qe7 11.
Ne4 g6 12. Qf3 f5 13. b3 fxe4 14. Bxe4 Qf7 15. Bb2 Qxf3 16. gxf3 Bg7 17. Bxg6+ Kd8 18. Na3 Bd7 19. O-O-O Bf6 20. h5 Nf4 21. b4 Nb7 22.
Nc4 Re8 23. Bxe8 Bxe8 24. Bxe5 Bxe5 25. Nxe5 Nd6 26. Rde1 Rb8 27. a3 a5 28. bxa5 Ra8 29. Nd3 Nxd3+ 30. cxd3 Rxa5 31. Re6 Kd7 32. Rxh6 Bf7 33.
Rh7 Rc5+ 34. Kd1 Ke7 35. Re1+ Kf8 36. Rg1 Rxh5 37. Rxh5 Bxh5 38. Rg3 Ke7 39. Kc2 Bf7 40. a4 Bd5 41. f4 1-0

[Event "Late-Titled-Tuesday-Blitz-October-17-2023"]
[Site "Chess.com"]
[Date "2023.10.17"]
[Round "9"]
[White "Artem_Koval"]
[Black "ElenGajger"]
[Result "0-1"]
[WhiteElo "2412"]
[BlackElo "2379"]
[TimeControl "180+1"]
[EndTime "15:41:24 PDT"]
[Termination "ElenGajger won on time"]

1. d4 Nf6 2. Nf3 g6 3. Nc3 d5 4.
Bf4 Bg7 5. e3 O-O 6. Be2 Nc6 7.
Ne5 Nxe5 8. dxe5 Nd7 9. Qxd5 c6 10. Qe4 Qa5 11. O-O Bxe5 12. Bxe5 Qxe5 13. Rad1 Qxe4 14.
Nxe4 Nb6 15. Nc5 Rb8 16. e4 Re8 17. Rd2 Na8 18. Rfd1 Nc7 19. Rd8 Kf8 20. Bc4 b6 21. Nd7+ Bxd7 22. R8xd7 Rbc8 23. f4 a5 24. a4 b5 25. Bb3 Na6 26. Ra7 Nc5 27. Rxa5 Rb8 28.
axb5 cxb5 29. Bd5 e6 30. Bc6 Rec8 31. Rxb5 Rxb5 32. Bxb5 Nxe4 33. c3 Rb8 34. Bc6 Nc5 35. b4 Nb3 36. Rb1 Nd2 37. Ra1 Rc8 38. b5 Nc4 39.
Kf2 Ke7 40. Ke2 Kd6 41. Kd3 Kc5 42. Ra7 Rd8+ 43. Ke2 Rd2+ 44. Kf3 f5 45. Rxh7 e5 46. fxe5 Nxe5+ 47. Kg3 g5 48. h4 f4+ 49. Kh2 g4 50. h5 Nf3+ 0-1

[Event "Late-Titled-Tuesday-Blitz-October-17-2023"]
[Site "Chess.com"]
[Date "2023.10.17"]
[Round "9"]
[White "Chesstrainer1"]
[Black "NateSolon"]
[Result "0-1"]
[WhiteElo "2496"]
[BlackElo "2620"]
[TimeControl "180+1"]
[EndTime "15:41:25 PDT"]
[Termination "NateSolon won on time"]

1. d4 d5 2. c4 c6 3. Nf3 Nf6 4. Nbd2 Bf5 5. Nh4 Be4 6. Qb3 Qc7 7. Nxe4 dxe4 8. g3 Nbd7 9. Bg2 h6 10. O-O e6 11. f4 c5 12. d5 exd5 13. cxd5 c4 14.
Qc2 Qc5+ 15. Kh1 Qxd5 16. Rd1 Qc6 17. Nf5 g6 18. Nd4 Qd5 19. a4 Rc8 20. Be3 Qh5 21. Bxe4 Bc5 22. Bg1 O-O 23. Bxb7 Rb8 24. Bf3 Qh3 25.
f5 Ne5 26. fxg6 fxg6 27. Bg2 Qh5 28. Nf3 Bxg1 29. Kxg1 Nfg4 30. Qd2 Nxf3+ 31. exf3 Qxh2+ 32. Kf1 Rbe8 33. Qd5+ Rf7 34. Re1 Ne3+ 35. Rxe3 Rxe3 36.
Qxc4 Re7 37. Rd1 Rc7 38. Rd8+ Kh7 39. Qd4 Rc1+ 40. Kf2 Rc2+ 41. Ke3 Qg1+ 42. Kd3 Qxd4+ 43. Kxd4 Rxg2 0-1

[Event "Late-Titled-Tuesday-Blitz-October-17-2023"]
[Site "Chess.com"]
[Date "2023.10.17"]
[Round "9"]
[White "AlexPapasimakopoulos"]
[Black "aNaartjieZA"]
[Result "0-1"]
[WhiteElo "2678"]
[BlackElo "2562"]
[TimeControl "180+1"]
[EndTime "15:41:28 PDT"]
[Termination "aNaartjieZA won by checkmate"]

1. d4 Nf6 2. Nf3 c5 3. e3 b6 4. b3 g6 5. Bb2 Bg7 6. dxc5 bxc5 7. c4 Nc6 8. Be2 O-O 9. O-O d6 10. Qd2 a5 11. Nc3 Bf5 12. Nh4 Be6 13. Bf3 Qd7 14. g3 Ra6 15. Bg2 Bh3 16. Nf3 Bxg2 17. Kxg2 Rb8 18.
Na4 Ne4 19. Qc2 Bxb2 20. Qxb2 Qf5 21. Qc2 Nxg3 22. Qxf5 Nxf5 23. Rad1 Ra7 24. Rd2 Rab7 25. Rfd1 Rb4 26. Ne1 h5 27. Nd3 R4b7 28. Nf4 Kg7 29. Nd5 Rh8 30. h3 g5 31. Ndc3 Rbb8 32. Ne4 g4 33. hxg4 hxg4 34. Rd5 Kg6 35. Nac3 Nh4+ 36. Kf1 Nf3 37. Ke2 Rh2 38. Ng3 Rbh8 39. Nce4 Rg2 40.
Nf5 Rhh2 41. Nfg3 Nce5 42. Nf1 Rh8 43. Neg3 Ra8 44. e4 a4 45. Ne3 axb3 46. Nxg2 Rxa2+ 47. Kf1 Nxc4 48. Nf4+ Kg7 49. Nf5+ Kf8 50. R5d3 Ncd2+ 51. Kg2 b2 52. Nd5 Ra1 53. R1xd2 Rg1# 0-1

[Event "Late-Titled-Tuesday-Blitz-October-17-2023"]
[Site "Chess.com"]
[Date "2023.10.17"]
[Round "9"]
[White "tptagain"]
[Black "mishanick"]
[Result "1-0"]
[WhiteElo "2927"]
[BlackElo "3025"]
[TimeControl "180+1"]
[EndTime "15:41:29 PDT"]
[Termination "tptagain won on time"]

1. d4 Nf6 2. Nf3 d5 3. e3 e6 4. Bd3 Be7 5. O-O O-O 6. Nbd2 c5 7. b3 b6 8. Bb2 Bb7 9. dxc5 bxc5 10. c4 Nc6 11. a3 a5 12. cxd5 exd5 13. Qc2 h6 14. Rfd1 Qb6 15. Rab1 Rfd8 16. Nh4 d4 17. Nc4 Qc7 18.
Nf5 Bf8 19. Be2 Ne5 20. Nxe5 Qxe5 21. exd4 Qe4 22. Qxe4 Bxe4 23. Bd3 Rab8 24. Ng3 Bxd3 25. Rxd3 a4 26. Ba1 c4 27. Rc3 cxb3 28. Rc4 Ra8 29.
Bb2 Nd5 30. Ne4 Re8 31. Nc5 Re2 32. Kf1 Rae8 33. Rxa4 Rc2 34. Bc1 Ree2 35. Nd3 Nc3 36. Rxb3 Ne4 37. Ra8 g5 38. Be3 Ra2 39. Ne1 1-0

[Event "Late-Titled-Tuesday-Blitz-October-17-2023"]
[Site "Chess.com"]
[Date "2023.10.17"]
[Round "9"]
[White "imdvb6307"]
[Black "lluiss"]
[Result "1-0"]
[WhiteElo "2493"]
[BlackElo "2204"]
[TimeControl "180+1"]
[EndTime "15:41:29 PDT"]
[Termination "imdvb6307 won on time"]

1. d4 Nf6 2. Nf3 g6 3. c4 Bg7 4. Nc3 d5 5. Bf4 O-O 6. Rc1 dxc4 7. e3 Be6 8. Nd2 c5 9. dxc5 Na6 10. Bxc4 Bxc4 11. Nxc4 Nxc5 12. Qxd8 Rfxd8 13. Ke2 Nd3 14. Rcd1 Nxf4+ 15. exf4 Nh5 16. g3 Bxc3 17. bxc3 Rac8 18.
Rxd8+ Rxd8 19. Na5 Rd7 20. Rd1 Rc7 21. Rd8+ Kg7 22.
Kd3 Nf6 23. c4 Ng4 24. f3 Nxh2 25. Ke2 b6 26. Nb3 Rxc4 27. Rd2 Rc3 28. Nd4 f6 29. Rc2 Ra3 30. Nb5 Ra5 31. Nd4 e5 32. fxe5 fxe5 33.
Nb3 Ra3 34. Kf2 e4 35. fxe4 Ng4+ 36. Kf3 h5 37. Kf4 Nf6 38. Rc7+ Kh6 39. Rc6 Ng8 40.
Rc2 Ra4 41. Ke5 Ne7 42. Ke6 Ng8 43. e5 Kg7 44. Rc7+ 1-0

[Event "Late-Titled-Tuesday-Blitz-October-17-2023"]
[Site "Chess.com"]
[Date "2023.10.17"]
[Round "9"]
[White "Nor1lsk"]
[Black "Baku_Boulevard"]
[Result "0-1"]
[WhiteElo "2739"]
[BlackElo "3020"]
[TimeControl "180+1"]
[EndTime "15:41:32 PDT"]
[Termination "Baku_Boulevard won by resignation"]

1. e4 c5 2. d3 Nc6 3. g3 d6 4. Bg2 g6 5. f4 Bg7 6. Nf3 Nf6 7. O-O c4 8. h3 cxd3 9. cxd3 O-O 10. Nc3 b5 11.
Be3 b4 12. Ne2 Ba6 13. g4 Nd7 14. Ned4 Nxd4 15. Nxd4 Rc8 16. Rf2 Nc5 17. Bf1 Qb6 18.
Nb3 Qb8 19. Nxc5 dxc5 20. Rc1 Bd4 21. Bxd4 cxd4 22. Rxc8 Rxc8 23. e5 Qc7 24. Qa4 Qb6 25. Rc2 Rxc2 26. Qxc2 Kg7 27. Bg2 h6 28. Be4 Bb7 29. Kg2 Bxe4+ 30. dxe4 Qb5 31. Kf2 a5 32. Qe2 d3 33. Qd2 Qc5+ 34. Kf3 Qd4 35. Qf2 Qc4 36. Ke3 g5 37. fxg5 hxg5 38. Qf5 Kh6 39. e6 f6 40. Qd5 Qc1+ 41. Kxd3 Qxb2 42. Qd8 Qb1+ 43. Kc4 Qxa2+ 44. Kb5 Qxe6 45. Kxa5 b3 46. Qf8+ Kg6 47. Qe8+ Kg7 48. Qb8 Qe5+ 0-1

[Event "Late-Titled-Tuesday-Blitz-October-17-2023"]
[Site "Chess.com"]
[Date "2023.10.17"]
[Round "9"]
[White "FuenfgegenWilly"]
[Black "Dacean99"]
[Result "1/2-1/2"]
[WhiteElo "2408"]
[BlackElo "2634"]
[TimeControl "180+1"]
[EndTime "15:41:33 PDT"]
[Termination "Game drawn by repetition"]

1. Nf3 d5 2. b3 Nf6 3. Bb2 c5 4. e3 Nc6 5. Bb5 Bd7 6. Bxc6 Bxc6 7. d3 e6 8. Nbd2 Bd6 9. Qe2 O-O 10. e4 Be7 11.
O-O Rc8 12. a4 a6 13. a5 d4 14. Nc4 Qc7 15. Nfe5 Bb5 16. Bc1 Bxc4 17. Nxc4 e5 18. f4 Nd7 19. Qh5 Bf6 20. Rf3 g6 21. Qg4 Rce8 22.
f5 Bg7 23. Qh4 Qc6 24. Rh3 h5 25. g4 Bf6 26. Bg5 Bxg5 27. Qxg5 Qf6 28. Qh6 Qg7 29. Qxg7+ Kxg7 30. gxh5 gxf5 31. Nd6 f4 32. Kf2 Re6 33. Rg1+ Kh7 34. Nf5 Rg8 35. Rxg8 Kxg8 36. h6 Kh7 37. Rh5 Nf8 38. Rg5 Ng6 39. h4 f6 40.
Rg1 b6 41. h5 Nf8 42. Rg7+ Kh8 43. Rf7 Kg8 44. Rxf8+ Kh7 45. Rf7+ Kh8 46. axb6 Rxb6 47. Ra7 c4 48. Ra8+ Kh7 49. Ra7+ Kh8 50. Ne7 Kh7 51.
Nf5+ Kh8 1/2-1/2

[Event "Late-Titled-Tuesday-Blitz-October-17-2023"]
[Site "Chess.com"]
[Date "2023.10.17"]
[Round "9"]
[White "szachmistrz2500"]
[Black "WPWPWP-2015"]
[Result "0-1"]
[WhiteElo "2420"]
[BlackElo "2564"]
[TimeControl "180+1"]
[EndTime "15:41:37 PDT"]
[Termination "WPWPWP-2015 won on time"]

1. Nf3 Nf6 2. g3 e6 3. Bg2 Be7 4. O-O O-O 5. d3 Re8 6. e4 d6 7. Nbd2 e5 8. d4 Nbd7 9. c3 c6 10. Re1 Qc7 11. h3 Nf8 12. a4 h6 13. b3 b6 14. Ba3 Bb7 15. Nc4 Ng6 16. Qc2 exd4 17. cxd4 d5 18. Bxe7 Rxe7 19. e5 Ne4 20. Ncd2 c5 21.
dxc5 Qxc5 22. Qxc5 bxc5 23. Nxe4 dxe4 24. Nd2 Rxe5 25. Nc4 Re6 26. Na5 Bd5 27. Rad1 Ne7 28. Re3 f5 29. Rc3 Rc8 30. Bf1 Kf8 31. Bb5 Rc7 32.
Nc4 a6 33. Ne3 Bb7 34. Bd7 Re5 35. Nc4 Rd5 36. Rxd5 Nxd5 37. Rc1 Rxd7 38. Na5 Rc7 39. Nxb7 Rxb7 40. Rxc5 Ne7 41. Ra5 Rxb3 42. Rxa6 Ra3 43. h4 g6 44. h5 gxh5 45. Rxh6 Rxa4 46. Rxh5 Kf7 47. Rh6 Rc4 48. Kg2 Rc6 49. Rh8 Kf6 0-1

[Event "Late-Titled-Tuesday-Blitz-October-17-2023"]
[Site "Chess.com"]
[Date "2023.10.17"]
[Round "9"]
[White "micke12a"]
[Black "Yushko_Olga"]
[Result "1-0"]
[WhiteElo "2382"]
[BlackElo "2187"]
[TimeControl "180+1"]
[EndTime "15:41:37 PDT"]
[Termination "micke12a won by checkmate"]

1. e4 e6 2. d4 d5 3. Nd2 Nf6 4.
e5 Nfd7 5. Bd3 c5 6. c3 Nc6 7.
Ne2 Qb6 8. Nf3 cxd4 9. cxd4 Bb4+ 10. Bd2 O-O 11. O-O Be7 12. Bc3 f6 13. Nf4 Nd8 14.
exf6 Nxf6 15. Ng5 h6 16. Ng6 Re8 17. Nf3 Bd6 18. Nfe5 Nf7 19. Kh1 Bxe5 20. dxe5 Ne4 21. Qg4 Nxc3 22. bxc3 Bd7 23. f4 Qe3 24. Rf3 Qd2 25.
Nh4 g5 26. fxg5 Nxe5 27. Qh5 Rf8 28. Rg3 Qf4 29. gxh6+ Kh8 30. Qxe5+ Qxe5 31. Ng6+ Kh7 32. Nxe5+ Kxh6 33. Rg6+ Kh5 34. g4+ Kh4 35. Nxd7 Rf7 36. Rh6+ Kxg4 37. Rh5 Kxh5 38. Ne5 Rf3 39. Nxf3 Rf8 40.
Kg2 Rg8+ 41. Kf2 e5 42. Nxe5 Rf8+ 43. Nf3 Re8 44. Re1 Rf8 45. Re5+ Kg4 46. Rg5+ Kh3 47. Rg3# 1-0

[Event "Late-Titled-Tuesday-Blitz-October-17-2023"]
[Site "Chess.com"]
[Date "2023.10.17"]
[Round "9"]
[White "jaskol95"]
[Black "cthulhuuu"]
[Result "1-0"]
[WhiteElo "2577"]
[BlackElo "2413"]
[TimeControl "180+1"]
[EndTime "15:41:39 PDT"]
[Termination "jaskol95 won on time"]

1. d4 Nf6 2. Nc3 d5 3. Bf4 e6 4.
Nb5 Na6 5. e3 c5 6. c3 Be7 7. Nf3 O-O 8. a4 Bd7 9. Ne5 Be8 10. Bd3 c4 11. Bc2 Bxb5 12. axb5 Nc7 13. g4 Nxb5 14. g5 Ne4 15. Bxe4 dxe4 16. Nxc4 Bxg5 17.
Be5 f6 18. Bg3 Qd5 19. Nd2 Qc6 20. Qg4 e5 21. Qxe4 exd4 22. Qxc6 bxc6 23. cxd4 Rfe8 24. Nf3 Bh6 25. Ke2 Rad8 26. Rhd1 Rd7 27. Ra6 Nd6 28. Bxd6 Rxd6 29. Rxa7 Rb8 30. Rd2 g6 31. Rc2 Bg7 32. Nd2 f5 33. Nc4 Re6 34. Kd3 f4 35. Rc7 fxe3 36.
fxe3 Rd8 37. Rf2 h5 38. Rff7 Bh6 39. Rfe7 Rxe7 40. Rxe7 c5 41. Ne5 cxd4 42. exd4 Bg7 43. Ke4 Bf6 44. Re6 Rf8 45. Nd7 1-0

[Event "Late-Titled-Tuesday-Blitz-October-17-2023"]
[Site "Chess.com"]
[Date "2023.10.17"]
[Round "9"]
[White "Dhaydon19"]
[Black "German_Bazeev"]
[Result "1-0"]
[WhiteElo "2575"]
[BlackElo "2783"]
[TimeControl "180+1"]
[EndTime "15:41:42 PDT"]
[Termination "Dhaydon19 won by resignation"]

1. Nf3 Nf6 2. b3 d5 3. Bb2 c6 4. e3 Bg4 5. Be2 Nbd7 6. c4 e6 7. Nc3 Bd6 8. h3 Bf5 9. d3 h6 10. Qc2 Bh7 11. Rd1 Qe7 12. O-O O-O 13. e4 dxe4 14.
Nxe4 Nxe4 15. dxe4 Rfd8 16. Qc3 f6 17. Qe3 Bc5 18. Bd4 e5 19. Bxc5 Nxc5 20. Bd3 a5 21.
Bc2 b6 22. a3 Rxd1 23. Rxd1 Rd8 24. Rd2 Rxd2 25. Nxd2 Qd8 26. b4 axb4 27. axb4 Ne6 28. c5 Nd4 29. Bb3+ Kh8 30. Bc4 bxc5 31. bxc5 Bg8 32. Qd3 Qb8 33. Bxg8 Qxg8 34. Nc4 Kh7 35. Nd6 Qa2 36. Qf1 Qc2 37. Nb7 Qxe4 38. Nd6 Qd5 39.
Qd3+ Kh8 40. Qa3 Ne2+ 41. Kh2 Nf4 42. Qg3 Kg8 43. Nf5 Qd7 44. Nxh6+ Kf8 45. Ng4 Qd3 46. Ne3 Qg6 47. Qg4 Qxg4 48. hxg4 Kf7 49. g3 Ke6 50. gxf4 exf4 51. Nf5 g5 52. Nd4+ Kd5 53. Nf5 Kxc5 54.
Kg2 Kb4 55. Kf3 c5 56. Ke4 c4 57. Nd4 c3 58. Kd5 Ka3 59. Ke6 Kb2 60. Kxf6 Kc1 61. Kxg5 Kd2 62. Kxf4 Kd3 63. Nb3 1-0

[Event "Late-Titled-Tuesday-Blitz-October-17-2023"]
[Site "Chess.com"]
[Date "2023.10.17"]
[Round "9"]
[White "esskeettit"]
[Black "Sacbutt"]
[Result "1-0"]
[WhiteElo "2495"]
[BlackElo "2241"]
[TimeControl "180+1"]
[EndTime "15:41:43 PDT"]
[Termination "esskeettit won by resignation"]

1. d4 Nf6 2. c4 e6 3. Nc3 Bb4 4. Qc2 d5 5. cxd5 Qxd5 6. Nf3 Qf5 7. Qxf5 exf5 8. a3 Bxc3+ 9. bxc3 O-O 10. Bf4 c6 11. g3 Nbd7 12. Bg2 Nb6 13. Nd2 Re8 14. Be5 Ng4 15. Bd6 Be6 16. O-O Bc4 17. Nxc4 Nxc4 18. Bf4 Rxe2 19. h3 Nf6 20. Rfb1 Re7 21. Bf1 Na5 22. Bd3 g6 23. Bg5 Re6 24. Re1 Ne4 25. Bf4 Nxc3 26. Rxe6 fxe6 27. Re1 Nb5 28. Rxe6 Nxd4 29.
Re7 Kf8 30. Rxh7 Re8 31. Bd2 Nab3 32. Rh8+ Kf7 33. Bc4+ Kf6 34. Rxe8 Nxd2 35. Bd3 N2f3+ 36. Kg2 Ne5 37. Bf1 Nc2 38. Rb8 Nxa3 39. Rxb7 a5 40.
Ra7 Nac4 41. Bxc4 Nxc4 42. Ra6 Ke5 43. Rxc6 a4 44. Rxg6 a3 45. Ra6 Kd4 46. h4 Kc3 47. h5 Kb4 48. Rxa3 Kxa3 49. h6 Ne5 50. h7 Nf7 51. Kf3 Kb4 52. Kf4 Kc5 53. Kxf5 Kd6 54.
Kg6 Ke7 55. Kg7 1-0

[Event "Late-Titled-Tuesday-Blitz-October-17-2023"]
[Site "Chess.com"]
[Date "2023.10.17"]
[Round "9"]
[White "ritanovikova"]
[Black "egnfanclub"]
[Result "1-0"]
[WhiteElo "2158"]
[BlackElo "2342"]
[TimeControl "180+1"]
[EndTime "15:41:46 PDT"]
[Termination "ritanovikova won on time"]

1. d4 d5 2. Bf4 Nf6 3. c3 e6 4.
Nd2 c5 5. e3 Nc6 6. Ngf3 Be7 7.
h3 O-O 8. Ne5 Nxe5 9. Bxe5 b6 10. Bd3 Bb7 11. O-O Ne4 12. Qc2 f5 13. f3 Nxd2 14.
Qxd2 Rc8 15. Qf2 Bd6 16. Qg3 Bxe5 17. dxe5 Qc7 18. Qf4 h6 19. Qh2 Kh8 20. f4 Qc6 21.
Be2 Qa4 22. Bf3 Qc2 23. Rf2 Qd3 24. Re1 Rcd8 25. Qg3 Bc8 26. Qg6 d4 27. exd4 cxd4 28. Rd1 Qe3 29. cxd4 Rxd4 30. Rxd4 Qxd4 31. Qg3 Rd8 32.
Kh2 Qe3 33. Rc2 Bd7 34. Rc7 Qd4 35. b3 Rg8 36. Rxa7 b5 37. Bh5 Qxa7 38. Bf7 Rf8 39. Bh5 Qd4 40. Bf3 Qc3 41. Qh4 Bc6 42. Qe7 Re8 43.
Qf7 Qc5 44. Qc7 Qd4 45. Qxc6 Qxf4+ 46. g3 Qd2+ 47. Bg2 Rd8 48. Qxe6 1-0

[Event "Late-Titled-Tuesday-Blitz-October-17-2023"]
[Site "Chess.com"]
[Date "2023.10.17"]
[Round "9"]
[White "SEBAZZANO"]
[Black "dianamirza"]
[Result "1-0"]
[WhiteElo "2270"]
[BlackElo "1983"]
[TimeControl "180+1"]
[EndTime "15:41:47 PDT"]
[Termination "SEBAZZANO won by resignation"]

1. d4 c5 2. e3 Nf6 3. Nf3 c4 4. Bxc4 g6 5. O-O Bg7 6. Re1 O-O 7. e4 a6 8. e5 Ne8 9. Nc3 b5 10. Bd3 Bb7 11. Ne4 d6 12. exd6 Nxd6 13. Nc5 Bd5 14. c3 Nd7 15. Bg5 f6 16. Bf4 Nxc5 17. dxc5 e5 18. cxd6 exf4 19. Bc2 Qxd6 20. Bb3 Rad8 21.
Qxd5+ Qxd5 22. Red1 Qxb3 23. axb3 Rxd1+ 24. Rxd1 f5 25. Rd6 a5 26. Nd4 Re8 27. Kf1 b4 28. Rd5 Ra8 29.
Ne6 bxc3 30. Nxg7 cxb2 31. Rd1 Kxg7 32. Rb1 Rb8 33. Rxb2 a4 34. b4 Kf6 35. Ke2 Ke5 36. Kd3 Kd5 37. Kc3 g5 38. Ra2 Ra8 39. Rd2+ Ke4 40. b5 a3 41. Kb3 Rb8 42. Kb4 g4 43.
Ra2 f3 44. g3 Kd5 45. Rxa3 Re8 46. Rd3+ Ke6 47. Re3+ Kd7 48. Rxe8 Kxe8 49. Kc5 Kd8 50. Kd6 Kc8 51. Ke5 Kb7 52. Kxf5 Kb6 53. Kxg4 Kxb5 54. Kxf3 1-0

[Event "Late-Titled-Tuesday-Blitz-October-17-2023"]
[Site "Chess.com"]
[Date "2023.10.17"]
[Round "9"]
[White "rikchessmx"]
[Black "Vigg-Sama"]
[Result "1-0"]
[WhiteElo "2302"]
[BlackElo "2189"]
[TimeControl "180+1"]
[EndTime "15:41:48 PDT"]
[Termination "rikchessmx won on time"]

1. e3 e5 2. c4 Nf6 3. d4 exd4 4. exd4 d5 5. c5 b6 6. cxb6 axb6 7. Nc3 Bb4 8. Nf3 Qe7+ 9. Be2 Bxc3+ 10. bxc3 Ba6 11. Be3 Bxe2 12. Qxe2 O-O 13. O-O Ne4 14. Qd3 Ra3 15.
Rfc1 Re8 16. Ne5 f6 17. Nf3 Nc6 18. Qb5 Qe6 19. c4 Ra5 20. cxd5 Rxb5 21. dxe6 Rxe6 22. a4 Rd5 23. Rc4 Rdd6 24. Rac1 Kf8 25. d5 Rxd5 26. h3 Nc5 27. Bxc5+ bxc5 28. Rxc5 Rxc5 29. Rxc5 Ke7 30. a5 Kd7 31. a6 Na7 32. Rd5+ Kc6 33.
Rd8 Kb6 34. Rg8 Re7 35. Nd4 Kxa6 36. Ra8 c5 37. Nf5 Rc7 38. Kf1 c4 39. Ne3 c3 40.
Nc2 Rc8 41. Rxc8 Nxc8 42. Ke2 Nd6 43. Kd3 Nb5 44. Kc4 Kb6 45. g4 g6 46. f4 h5 47. g5 fxg5 48. fxg5 Nd6+ 49. Kd5 Nf5 50. Ke5 Kc5 51. Kf6 Kc4 52. Kxg6 Nd4 53. Na1 Nb3 54. Nc2 Kd3 55. Na3 Nc5 56. Kxh5 Ne4 57. g6 Nd6 58. g7 Nc4 59. Nxc4 c2 60. Nb2+ Kc3 61. g8=Q 1-0

[Event "Late-Titled-Tuesday-Blitz-October-17-2023"]
[Site "Chess.com"]
[Date "2023.10.17"]
[Round "9"]
[White "Alphafischer2019"]
[Black "marik_spb"]
[Result "0-1"]
[WhiteElo "2567"]
[BlackElo "2433"]
[TimeControl "180+1"]
[EndTime "15:41:49 PDT"]
[Termination "marik_spb won by checkmate"]

1. e4 c6 2. d4 d5 3. Nc3 dxe4 4. Nxe4 Nf6 5. Nxf6+ exf6 6. Nf3 Bd6 7. Bd3 Na6 8.
c3 Nc7 9. Qc2 h5 10. O-O Nd5 11. Re1+ Kf8 12. a3 h4 13. h3 Bc7 14. c4 Ne7 15. b4 g5 16. Bb2 g4 17. hxg4 Bxg4 18. Nh2 Bxh2+ 19. Kh1 Bc7 20. Re4 Qd6 21. f4 Bf5 22. c5 Qd8 23. Re3 Nd5 24. Rf3 Bg4 25. Rf2 Qd7 26. Bc1 Re8 27. Bd2 h3 28.
g3 Ne3 29. Qc3 h2 30. Bc4 Nxc4 31. Qxc4 Qd5+ 32. Qxd5 cxd5 33. Re1 Re4 34. Rxe4 dxe4 35. Rxh2 Bf3+ 36. Kg1 Rxh2 37. Kxh2 f5 38. d5 Ke8 39. Be3 Kd7 40. Kg1 a6 41. Kf2 Bd1 42. Bd4 Bb3 43. d6 Bd8 44. Ke3 Kc6 45. Bb2 Kd5 46.
Be5 Kc4 47. Ba1 Bc2 48. Bb2 Kb3 49. Bc1 Bd3 50. Kd4 Bf6+ 51. Ke3 Kc3 52. d7 Bd4# 0-1

[Event "Late-Titled-Tuesday-Blitz-October-17-2023"]
[Site "Chess.com"]
[Date "2023.10.17"]
[Round "9"]
[White "Smiechu"]
[Black "mfwagnerpeixoto"]
[Result "1-0"]
[WhiteElo "2520"]
[BlackElo "2346"]
[TimeControl "180+1"]
[EndTime "15:41:49 PDT"]
[Termination "Smiechu won by resignation"]

1. e4 c5 2. Nf3 e6 3. d4 cxd4 4. Nxd4 Nc6 5. Nc3 Qc7 6. Be3 a6 7. Bd3 Nf6 8. O-O Bb4 9. f4 d6 10. Qf3 Nxd4 11. Bxd4 Bc5 12. Bxc5 Qxc5+ 13. Kh1 e5 14. fxe5 Qxe5 15. Nd5 Nxd5 16. Qxf7+ Kd8 17. exd5 Bd7 18. Rae1 Qxb2 19. Re7 Be8 20. Qe6 Qe5 21.
Qxe5 dxe5 22. Rxb7 g6 23. Rfb1 Rf8 24. c4 Rf4 25. Be2 Rc8 26. h3 Rf2 27. Bf1 e4 28. Re1 Rf4 29. d6 Bf7 30. Rc1 Rc6 31. c5 Bxa2 32.
Rb6 Rxb6 33. cxb6 Bd5 34. Bxa6 e3 35. Kh2 Kd7 36. b7 Bxb7 37. Bxb7 Kxd6 38. Bf3 Ke5 39. Kg3 Rf5 40. Rc5+ Kd4 41. Rxf5 gxf5 42. Kf4 Kd3 43. Kxf5 e2 44. Bxe2+ Kxe2 45. g4 Kf3 46.
h4 Kg3 47. h5 Kh4 48. Kf4 Kh3 49. Kg5 Kg3 50. h6 Kf3 51. Kf6 Kxg4 52. Kg7 Kf5 53. Kxh7 Kf6 54. Kg8 1-0

[Event "Late-Titled-Tuesday-Blitz-October-17-2023"]
[Site "Chess.com"]
[Date "2023.10.17"]
[Round "9"]
[White "rdarruda"]
[Black "Chessbard1972"]
[Result "1-0"]
[WhiteElo "2460"]
[BlackElo "2332"]
[TimeControl "180+1"]
[EndTime "15:41:51 PDT"]
[Termination "rdarruda won on time"]

1. d4 Nf6 2. Nf3 g6 3. Nc3 d5 4.
Bg5 Ne4 5. Bf4 Bg7 6. e3 Nxc3 7. bxc3 Bf5 8. c4 c6 9. Bd3 Bxd3 10. Qxd3 Nd7 11.
cxd5 cxd5 12. O-O Nf6 13. c4 O-O 14. Rac1 Rc8 15. Be5 Ne4 16. Bxg7 Kxg7 17. h3 e6 18. c5 f6 19. Rc2 Rf7 20. Rfc1 Rfc7 21. Nd2 f5 22. f3 Nf6 23. g4 Nd7 24. Kg2 Nb8 25. Nb3 b6 26. cxb6 axb6 27. Nd2 Nd7 28. e4 fxe4 29.
fxe4 Rxc2 30. Rxc2 Rxc2 31. Qxc2 Qg5 32. Nf3 Qf4 33.
Qc6 Nf6 34. e5 Ne4 35. Qd7+ Kh6 36. g5+ Nxg5 37. Nxg5 Qxg5+ 38. Kh2 Qd2+ 39. Kg3 Qe3+ 40. Kg2 Qe4+ 41. Kg3 Qf5 42. Qa4 g5 43. Qb4 Kh5 44. Kg2 g4 45. hxg4+ Kxg4 46. Qc3 Qe4+ 47. Kf2 Qf4+ 48.
Kg2 Qe4+ 49. Kf2 Kf5 50. Qh3+ Kg5 51. Qc3 h5 52. Qb4 Kg4 53. Qxb6 Qf3+ 54. Ke1 Kf4 55.
Qxe6 Ke3 56. Qh6+ 1-0

[Event "Late-Titled-Tuesday-Blitz-October-17-2023"]
[Site "Chess.com"]
[Date "2023.10.17"]
[Round "9"]
[White "jcibarra"]
[Black "Byniolus"]
[Result "1-0"]
[WhiteElo "2901"]
[BlackElo "2766"]
[TimeControl "180+1"]
[EndTime "15:41:54 PDT"]
[Termination "jcibarra won on time"]

1. Nf3 d5 2. g3 Nf6 3. Bg2 Bf5 4.
O-O e6 5. d3 Be7 6. c4 c6 7. Be3 dxc4 8. dxc4 Qxd1 9. Rxd1 Nbd7 10. Nd4 Be4 11. Nb3 Bxg2 12. Kxg2 O-O-O 13. Nc3 Nb6 14. Nd2 Ng4 15. Bxb6 axb6 16. Nde4 f5 17. Nd2 Bc5 18. Nb3 Bb4 19. Na4 Kc7 20. Nd4 Rhe8 21.
a3 Bd6 22. Rac1 Be5 23. e3 Nf6 24. Nf3 Bd6 25. Nd4 g6 26. b4 Bf8 27. Nc3 e5 28. Nb3 Ra8 29. Nb1 Red8 30. Kf1 e4 31. Ke2 Ng4 32. Nd4 Re8 33. h3 Ne5 34. Rc2 h5 35. Rg1 Rad8 36. Nd2 Ra8 37. Rc3 Rab8 38. Rb1 Rbd8 39. Rbc1 Kb8 40. Rb1 Rd7 41. a4 Red8 42. a5 bxa5 43. bxa5 Kc7 44. Ne6+ Kd6 45. Nxd8 Rxd8 46.
Rxb7 Kc5 47. Nb3+ Kd6 48. a6 Ra8 49. a7 Ke6 50. Nd4+ Kf6 51. Rc1 Bc5 52. Ra1 Nxc4 53. Ra6 Ne5 54. Nxc6 1-0

[Event "Late-Titled-Tuesday-Blitz-October-17-2023"]
[Site "Chess.com"]
[Date "2023.10.17"]
[Round "9"]
[White "Deeper44"]
[Black "Levanzovsky"]
[Result "0-1"]
[WhiteElo "2605"]
[BlackElo "2454"]
[TimeControl "180+1"]
[EndTime "15:41:54 PDT"]
[Termination "Levanzovsky won by checkmate"]

1. d4 Nf6 2. c4 e6 3. g3 d5 4. Bg2 dxc4 5. Nf3 a6 6. O-O Nc6 7. Nc3 Rb8 8. e4 b5 9. d5 exd5 10. exd5 Nb4 11. Bg5 Be7 12. Re1 O-O 13. a3 Nd3 14.
Re2 Nxd5 15. Nxd5 Bxg5 16. Nxg5 Qxg5 17. f4 Qd8 18. Ne7+ Kh8 19. Nc6 Qf6 20. Nxb8 Qb6+ 21. Kh1 Bg4 22. Nd7 Bxe2 23. Qxe2 Qd4 24. Nxf8 Nf2+ 25.
Kg1 Ng4+ 26. Kf1 Ne3+ 27. Ke1 c3 28. Rd1 Nxd1 29. Qxd1 Qg1+ 30. Bf1 Qe3+ 31. Qe2 Qc1+ 32. Kf2 cxb2 33. Qd3 b1=Q 34. Qd8 Qc5+ 35. Kg2 Qe4+ 36. Kh3 Qh5+ 37. Qh4 Qxh4+ 38. Kxh4 Qe7+ 39. Kh3 Qxf8 40. Bxb5 Qxa3 41. Bc4 a5 42. Bxf7 a4 43. f5 Qb4 44.
Be6 a3 45. f6 gxf6 46. g4 Qb2 47. Kg3 a2 48. Bxa2 Qxa2 49. h4 Qd5 50. Kf4 c5 51. h5 c4 52. g5 c3 53. gxf6 c2 54. f7 Qxf7+ 55. Kg5 c1=Q+ 56. Kg4 Qff4+ 57. Kh3 Qh1# 0-1

[Event "Late-Titled-Tuesday-Blitz-October-17-2023"]
[Site "Chess.com"]
[Date "2023.10.17"]
[Round "9"]
[White "NormWeinstein"]
[Black "adrivillu"]
[Result "1-0"]
[WhiteElo "2413"]
[BlackElo "2312"]
[TimeControl "180+1"]
[EndTime "15:41:54 PDT"]
[Termination "NormWeinstein won by checkmate"]

1. e4 e6 2. d4 d5 3. Nd2 Be7 4. Ngf3 Nf6 5. Bd3 c5 6. dxc5 a5 7. O-O Na6 8. exd5 exd5 9. Nb3 a4 10. Nbd4 O-O 11. c6 Nc5 12. cxb7 Bxb7 13. Bg5 Nce4 14.
Bh4 Bc5 15. a3 Qb6 16. Bxf6 Nxf6 17. c3 Ba6 18. Bxa6 Qxa6 19. Re1 Rab8 20. Qc2 Ne4 21. Rad1 Qb6 22. Re2 Qa6 23. Qd3 Qxd3 24. Rxd3 Rb6 25. Nf5 Nxf2 26. Rxf2 Bxf2+ 27. Kxf2 Rxb2+ 28. Kg3 Rb3 29. Ne7+ Kh8 30. Nxd5 Rxa3 31. Rd4 h6 32. c4 Rc8 33. Kf4 Ra2 34. Ne5 Kh7 35. Ne3 Rc5 36. Rd5 Rc7 37. Ra5 f6 38. Nd3 Ra3 39. Nb4 Ra1 40.
Nbd5 Rc6 41. Ra7 Kg6 42. Ng4 Rf1+ 43. Kg3 h5 44. Nge3 f5 45. Nxf1 Rxc4 46. Nf4+ Kh6 47. Ne3 Rc3 48. Kf2 g5 49. Nfd5 Ra3 50. Ra6+ Kh7 51.
Nxf5 Ra2+ 52. Kf3 g4+ 53. Kf4 Rxg2 54. Kg5 Rf2 55. Ra7+ Kg8 56. Nf6+ Kf8 57. Kg6 Rxf5 58. Kxf5 g3 59. Ke6 g2 60. h3 g1=Q 61. Rf7# 1-0